 Dungeon Crawl Stone Soup version 0.14.1-22-g2730a98 (webtiles) character file.

290 Kassandra the Cudgeler (level 5, -10/32 HPs)
             Began as a Gargoyle Berserker on June 8, 2014.
             Was an Elder of Trog.
             Engulfed by a cloud of flame (23 damage)
             ... on Level 3 of the Dungeon.
             The game lasted 00:11:36 (2653 turns).

Kassandra the Cudgeler (Gargoyle Berserker)         Turns: 2653, Time: 00:11:36

HP -10/32        AC 10     Str 21      XL: 5   Next: 16%
MP   5/5         EV 10     Int  8      God: Trog [****..]
Gold 157         SH  0     Dex  9      Spells:  0 memorised,  4 levels left

rFire  . . .     SeeInvis .     y - +1,+2 flail (holy)
rCold  . . .     Clarity  .     s - +0 ring mail
rNeg   + . .     Conserve .     (no shield)
rPois  +         rCorr    .     (no helmet)
rElec  +         rRot     +     (no cloak)
SustAb . .       Spirit   .     g - +0 pair of gloves
rMut   .         Warding  .     (no boots)
Saprov . . .     Stasis   .     (no amulet)
MR     .....                    (no ring)
                                (no ring)

@: not resistant to hostile enchantments, extremely unstealthy
A: life protection 1, electricity resistance, unbreathing, petrification
resistance, AC +4
a: Burn Spellbooks, Berserk, Trog's Hand, Brothers in Arms, Renounce Religion


You were on level 3 of the Dungeon.
You worshipped Trog.
Trog was greatly pleased with you.
You were not hungry.

You visited 1 branch of the dungeon, and saw 3 of its levels.

You collected 157 gold pieces.

Inventory:

Hand weapons
 a - a +0,+0 mace
 i - a +0,+0 mace
 y - a +1,+2 flail of holy wrath (weapon)
Armour
 b - a +0 animal skin
 f - a +0 chain mail
 g - a +0 pair of gloves (worn)
 q - a +0 robe
 s - a +0 ring mail (worn)
Comestibles
 c - 3 bread rations
 x - a meat ration
 z - a choko
 A - a chunk of worm flesh
Potions
 d - a potion of mutation {unknown}
 h - 2 potions of curing {unknown}
 j - 2 potions of heal wounds {unknown}
 k - a potion of flight {unknown}
 l - 2 potions of might {unknown}
 p - a potion of restore abilities {unknown}
Miscellaneous
 r - a plain deck of defence


   Skills:
 - Level 3.2 Fighting
 + Level 6.2 Maces & Flails
 - Level 2.1 Armour
 - Level 1.5 Dodging


You had 4 spell levels left.
You didn't know any spells.

Dungeon Overview and Level Annotations

Branches:
Dungeon (3/15)

Altars:
Makhleb
Nemelex Xobeh


Innate Abilities, Weirdness & Mutations

You are resistant to torment.
You are immune to poison.
You are immune to rotting.
Your stone body is very resilient (AC +4).
You resist negative energy.
You are resistant to electric shocks.
You can survive without breathing.
You are immune to petrification.


Message History

The jackal corpse is slowly consumed by flames.
Trog is greatly pleased with you.
HP restored.
Partly explored, can't reach some places.
Drop what? (_ for help) (? for menu, Esc to quit)
You drop 4 scrolls labeled ANECEI STRULA.
You drop a scroll labeled TRUIVE KUIRHUA.
You drop a scroll labeled IMUCZU NUOSUEPP.
You drop a scroll labeled BESUXA SMUHOU.
You drop 2 scrolls labeled JUSICUNUPA.
You drop a scroll labeled SCHASA MAAMPAUL.
You drop a scroll of remove curse.
You drop a scroll labeled WEIDEC RIQASU.
Really walk into a travel-excluded area?
You are engulfed in roaring flames.
Ouch! That really hurt!
Really walk into that cloud of flame?
You are engulfed in roaring flames.
Ouch! That really hurt!
You die...

#....# #§§§# #..#####...#
#....# #####.[.#####..#
#...#
#....####.§§§..$..§§§...#
#...#
#....##....§§...$..§§...#
#...#
#....##.#.§§§.$$..§§§...#
#...#
#....##.######...#####..#
#...# #....##.## #§§§#
#..#####.... #........#
#§§§# #...........
#........# #§§@#
#...........
#........#####...#
############
#....####.....?.##
.....####....####
.............#
.............#
##...........#
##..######...# ....#
#...#


There were no monsters in sight!

Vanquished Creatures
  A gnoll (D:1)
  3 adders
  4 worms (D:3)
  An ooze (D:1)
  2 orcs
  A ball python (D:2)
  2 giant cockroaches (D:1)
  7 goblins
  6 hobgoblins
  13 jackals
  8 bats
  2 giant geckos
  3 giant newts
  10 kobolds
  8 rats
71 creatures vanquished.

Notes
Turn   | Place    | Note
--------------------------------------------------------------
     0 | D:1      | Kassandra, the Gargoyle Berserker, began the quest for the Orb.
     0 | D:1      | Reached XP level 1. HP: 14/14 MP: 1/1
   247 | D:1      | Reached XP level 2. HP: 19/19 MP: 2/2
   263 | D:1      | Reached skill level 4 in Maces & Flails
   404 | D:1      | Acquired Trog's second power
   506 | D:1      | Reached XP level 3. HP: 3/23 MP: 3/3
   616 | D:1      | Reached skill level 5 in Maces & Flails
  1222 | D:2      | Reached XP level 4. HP: 25/28 MP: 4/4
  1314 | D:2      | Found a sparkling altar of Nemelex Xobeh.
  1653 | D:2      | Found a burning altar of Makhleb.
  2246 | D:3      | Reached skill level 6 in Maces & Flails
  2246 | D:3      | Reached XP level 5. HP: 28/32 MP: 5/5
  2629 | D:3      | Acquired Trog's third power
  2653 | D:3      | Engulfed by a cloud of flame

Action                   |  1- 3 |  4- 6 || total
-------------------------+-------+-------++-------
Melee: Mace              |   158 |    75 ||   233
       Flail             |       |    23 ||    23
Invok: Trog's Hand       |     1 |       ||     1
  Use: Scroll            |       |     1 ||     1
